 Dungeon Crawl Stone Soup version 0.27-a0-1391-g48c30b3128 (webtiles) character file.

Game seed: 5124932572773679372

2450 Froggeryz the Slicer (level 9, -3/84 HPs)
             Began as an Octopode Berserker on July 1, 2021.
             Was an Elder of Trog.
             Slain by a wyvern (14 damage)
             ... on level 7 of the Dungeon.
             The game lasted 00:06:35 (6056 turns).

Froggeryz the Slicer (Octopode Berserker)           Turns: 6056, Time: 00:06:36

Health: -3/84      AC:  5    Str: 16    XL:     9   Next: 50%
Magic:  9/9        EV: 15    Int:  9    God:    Trog [****..]
Gold:   218        SH:  0    Dex: 15    Spells: 8/8 levels left

rFire    . . .     SeeInvis .   a - +0 short sword
rCold    . . .     Faith    .   (no shield)
rNeg     . . .     Spirit   .   (helmet restricted)
rPois    .         Reflect  .   (no amulet)
rElec    .         Harm     .   d - +4 ring of slaying
rCorr    .         Rampage  .   p - +4 ring of protection
Will     .....                  (no ring)
Stlth    ..........             (no ring)
HPRegen  0.24/turn              (no ring)
MPRegen  0.11/turn              (no ring)
                                (no ring)
                                (no ring)

@: berserking (expiring), very quick
A: almost no armour, amphibious, 8 rings, camouflage 1, gelatinous body 1,
(nimble swimmer 1), tentacles
a: Renounce Religion, Berserk, Trog's Hand, Brothers in Arms


You were on level 7 of the Dungeon.
You worshipped Trog.
Trog was greatly pleased with you.
You visited 1 branch of the dungeon, and saw 7 of its levels.

You collected 383 gold pieces.
You spent 165 gold pieces at shops.

Inventory:

Hand Weapons
 a - a +0 short sword (weapon)
Missiles
 f - 16 poisoned darts (quivered)
 n - 13 boomerangs
 o - 4 javelins
Armour
 w - a +0 buckler
Jewellery
 d - a +4 ring of slaying (left tentacle)
 p - a +4 ring of protection (right tentacle)
 y - an amulet of the acrobat
Wands
 m - a wand of polymorph (4)
Scrolls
 g - a scroll of magic mapping
 h - a scroll of blinking {unknown}
 k - 2 scrolls of brand weapon
 r - 2 scrolls of fog {unknown}
 s - a scroll of enchant weapon {unknown}
 t - a scroll of holy word
 z - a scroll of teleportation {unknown}
 A - a scroll of identify
Potions
 b - a potion of lignification {unknown}
 c - 2 potions of magic {unknown}
 e - a potion of attraction
 i - 3 potions of flight {unknown}
 j - 3 potions of might {unknown}
 l - a potion of curing
 q - a potion of ambrosia {unknown}
 u - a potion of haste {unknown}
 v - a potion of resistance {unknown}
 x - a potion of berserk rage {unknown}


   Skills:
 - Level 3.0 Fighting
 * Level 9.8 Short Blades
 + Level 5.3 Dodging
 - Level 8.4 Stealth
 * Level 3.3 Shields


You had 8 spell levels left.
You didn't know any spells.
Your spell library was empty.

Dungeon Overview and Level Annotations

Branches:
Dungeon (7/15)             Temple (0/1) D:5

Altars:
Cheibriados

Shops:
D:1 ?   D:6 *

Annotations:
D:7 3 runed translucent doors, Delamore's ghost, novice FoFi


Innate Abilities, Weirdness & Mutations

You cannot wear most types of armour.
You are amphibious.
You can wear up to eight rings at the same time.
Your skin changes colour to match your surroundings (Stealth+).
Your rubbery body absorbs attacks. (AC +1, EV +1)
((You are camouflaged near water. (Stealth+)))
You have tentacles for arms and can constrict up to eight enemies at once.


Message History

You puncture Joseph!
Joseph is severely wounded.
You constrict Joseph. You puncture Joseph!
Joseph is almost dead.
You constrict Joseph. The wyvern completely misses you.
Joseph tries to grin evilly.
Joseph hits you with a +0 quarterstaff.
You hit Joseph.
Joseph is almost dead.
You constrict Joseph.
A gnoll shaman comes into view. It is wielding a +0 club.
You puncture Joseph!
You kill Joseph!
Trog accepts your kill. The wyvern closely misses you.
Your Shields skill increases to level 3!
You closely miss the wyvern. The wyvern bites you!
* * * LOW HITPOINT WARNING * * *
You puncture the wyvern! Your squeeze misses the wyvern.
The wyvern is heavily wounded.
A kobold comes into view. It is wielding a +0 short sword.
You closely miss the wyvern.
The wyvern is heavily wounded.
The wyvern bites you but does no damage.
The gnoll shaman hits you but does no damage.
You barely miss the wyvern.
The wyvern is heavily wounded.
The wyvern closely misses you.
You hit the wyvern. Your squeeze misses the wyvern.
The wyvern is heavily wounded.
The gnoll shaman hits you with a +0 club!
* * * LOW HITPOINT WARNING * * *
You puncture the wyvern!
The wyvern is almost dead.
The wyvern misses you.
You hit the wyvern.
The wyvern is almost dead.
The kobold completely misses you. The wyvern bites you!
You die...

#.# #.# ..# #.# #.#
#.# # ###.# #.####>#
...# #....#.## #..##
####....## ...#
##.#.#.##. #K.#
#.........
#@.#####..?.#.###
#Z.###gl..........##
#.....###.......#
#.#............$#
#.....###.......#
...###..# ##.....##
.# #... .....## ...#
####### ....#


You could see a wyvern, a gnoll shaman and a kobold.

Vanquished Creatures
  Joseph (D:7)
  Sigmund (D:2)
  A wyvern (D:7)
  Purgy (D:4)
  An ice beast (D:6)
  A sky beast (D:6)
  A black bear (D:4)
  4 ogres
  2 necrophages
  A phantom (D:7)
  Blork the orc (D:4)
  2 scorpions
  A wyvern skeleton (D:7)
  A water moccasin skeleton (D:5)
  A howler monkey (D:5)
  2 hounds (D:4)
  2 jellies
  A centaur skeleton (D:5)
  2 bullfrog skeletons (D:6)
  3 iguanas
  An orc wizard (D:4)
  Robin (D:2)
  6 gnolls
  2 adders
  An ufetubus (D:6)
  2 adder skeletons (D:4)
  4 worms
  12 dart slugs
  9 orcs
  4 ball pythons
  9 bats
  7 endoplasms
  4 giant cockroaches
  15 goblins
  12 hobgoblins
  6 jackals
  7 kobolds
  5 quokkas
  2 frilled lizards (D:1)
  11 rats
150 creatures vanquished.

Notes
Turn   | Place    | Note
-------+----------+-------------------------------------------
     0 | D:1      | Froggeryz the Octopode Berserker began the quest for the
                  | Orb.
     0 | D:1      | Reached XP level 1. HP: 16/16 MP: 1/1
   206 | D:1      | Found a faded altar of an unknown god.
   256 | D:1      | Reached skill level 1 in Stealth
   257 | D:1      | Reached XP level 2. HP: 14/21 MP: 2/2
   507 | D:1      | Found Cuen Kay's Magic Scroll Boutique.
   549 | D:1      | Reached XP level 3. HP: 26/26 MP: 3/3
   770 | D:1      | Reached ** piety under Trog
   825 | D:2      | Reached skill level 4 in Short Blades
   831 | D:2      | Noticed Robin
  1094 | D:2      | Noticed Sigmund
  1108 | D:2      | Killed Sigmund
  1109 | D:2      | Reached skill level 5 in Short Blades
  1109 | D:2      | Reached XP level 4. HP: 31/31 MP: 4/4
  1109 | D:2      | Reached XP level 5. HP: 36/36 MP: 5/5
  1217 | D:2      | Reached XP level 6. HP: 14/42 MP: 6/6
  1539 | D:2      | Killed Robin
  2287 | D:3      | Reached *** piety under Trog
  2628 | D:3      | Reached skill level 6 in Short Blades
  2927 | D:4      | Noticed a black bear
  2929 | D:4      | Killed a black bear
  2930 | D:4      | Reached skill level 5 in Stealth
  2948 | D:4      | Noticed Blork the orc
  2963 | D:4      | Reached XP level 7. HP: 17/46 MP: 7/7
  3250 | D:4      | Killed Blork the orc
  3303 | D:4      | Reached skill level 7 in Short Blades
  3865 | D:4      | Noticed Purgy
  3867 | D:4      | Reached XP level 8. HP: 52/52 MP: 8/8
  3915 | D:4      | Killed Purgy
  4110 | D:4      | Reached skill level 8 in Short Blades
  4126 | D:4      | Reached **** piety under Trog
  4233 | D:5      | Entered Level 5 of the Dungeon
  4524 | D:5      | Found a staircase to the Ecumenical Temple.
  4938 | D:6      | Found Puisughy's Assorted Antiques.
  4944 | D:6      | Bought a scroll labelled DUITECSUFFA for 28 gold pieces
  4944 | D:6      | Bought a scroll labelled HAJEPLEGGEX for 28 gold pieces
  4944 | D:6      | Bought a scroll labelled LUKIDEGILL for 28 gold pieces
  4944 | D:6      | Bought a scroll labelled URGHYMPOMNA for 28 gold pieces
  4944 | D:6      | Bought a scroll labelled DETAPHOPPE for 28 gold pieces
  4944 | D:6      | Bought a bubbling black potion for 25 gold pieces
  5137 | D:6      | Reached skill level 9 in Short Blades
  5264 | D:6      | Reached XP level 9. HP: 53/56 MP: 9/9
  5799 | D:7      | Reached skill level 1 in Shields
  5888 | D:7      | Reached skill level 5 in Dodging
  5975 | D:7      | Found a snail-covered altar of Cheibriados.
  5986 | D:7      | Found a runed translucent gate.
  5986 | D:7      | Found a runed translucent gate.
  5986 | D:7      | Noticed Delamore's ghost (novice FoFi)
  5987 | D:7      | Found a runed translucent gate.
  6023 | D:7      | Noticed Joseph
  6049 | D:7      | Killed Joseph
  6056 | D:7      | Slain by a wyvern

Illustrated notes

Levels and vault maps discovered:
D:1:      dpeg_arrival_round_b, layout_basic, serial_shops, shop,
          hellmonk_ecumenical_altar_leap_of_faith
D:2:      layout_basic, uniq_robin, uniq_sigmund
D:3:      layout_rooms, chequers_serial_rivers_micro_c, chequers_arboretum
D:4:      kennysheep_slugbush, layout_loops_ring, minivault_23, uniq_pikel,
          uniq_purgy, uniq_blork_the_orc
D:5:      layout_basic, minmay_temple_entry_antechambers, palyth_stone_intersect
D:6:      layout_loops_cross, serial_shops, shop, hangedman_decor_riveting,
          chequers_serial_rivers_small_3, bh_walls_and_bars
D:7:      layout_loops_ring, overflow_temple_1_default,
          ebering_ghost_rock_garden, serial_bayou_lagoon_a, minmay_starry_boxes,
          uniq_maggie, uniq_joseph

Skill      XL: |  1  2  3  4  5  6  7  8  9 |
---------------+----------------------------+-----
Stealth        | 1 4 5 6 8 |  8.4
Short Blades   | 5 6 7 9 |  9.8
Dodging        | 4 5 |  5.3
Shields        | 3 |  3.3
Fighting       | |  3.0

Action                   |  1- 3 |  4- 6 |  7- 9 || total
-------------------------+-------+-------+-------++-------
Melee: Short sword       |    60 |    65 |   149 ||   274
       Tentacles         |     7 |    16 |    36 ||    59
       Constrict         |    11 |    17 |    25 ||    53
       Unarmed           |       |     8 |     1 ||     9
Throw: Dart              |     3 |       |     5 ||     8
Invok: Berserk           |     1 |     3 |     5 ||     9
       Trog's Hand       |     1 |       |     1 ||     2
  Use: Potion            |       |     1 |       ||     1
       Scroll            |       |       |     5 ||     5
 Stab: Sleeping          |     9 |    10 |    19 ||    38
Armor: Skin              |     2 |     3 |    20 ||    25
Dodge: Dodged            |    29 |    32 |    68 ||   129

Table legend: (Time is in decaauts)
 A = Elapsed time spent in this place.
 B = Non-inter-level travel time spent in this place.
 C = Inter-level travel time spent in this place.
 D = Time resting spent in this place.
 E = Time spent auto-exploring this place.
 F = Levels seen in this place.
 G = Mean time per level.
                   A        B        C        D        E       F      G
               +--------+--------+--------+--------+--------+-----+--------+
         Total |   6068 |   5821 |    247 |   1033 |   3825 |   7 |  866.9 |
       Dungeon |   6068 |   5821 |    247 |   1033 |   3825 |   7 |  866.9 |
               +--------+--------+--------+--------+--------+-----+--------+

Top non-repeatable levels by time:
     D:2: 1182 daAuts
     D:3: 1136 daAuts
     D:1: 1008 daAuts
     D:4: 956 daAuts
     D:6: 829 daAuts
     D:5: 667 daAuts
     D:7: 289 daAuts
